 Dungeon Crawl Stone Soup version 0.28.0-53-g5a82cb258f (webtiles) character file.

Game seed: 4949238988000380910

8432 DemonSlayer the Thaumaturge (level 11, -5/72 HPs)
             Began as a Demonspawn Fire Elementalist on Aug 2, 2022.
             Was a High Priest of Cheibriados.
             Slain by a komodo dragon (23 damage)
             ... on level 1 of the Lair of Beasts.
             The game lasted 00:23:37 (11085 turns).

DemonSlayer the Thaumaturge (DsFE)                 Turns: 11085, Time: 00:23:38

Health: -5/72      AC: 11    Str: 20    XL:     11   Next: 9%
Magic:  15/34      EV: 18    Int: 31    God:    Cheibriados [*****.]
Gold:   1314       SH:  0    Dex: 25    Spells: 2/30 levels left

rFire   . . .      SeeInvis .   l - +7 great sword
rCold   . . .      Faith    .   (shield currently unavailable)
rNeg    . . .      Spirit   .   d - +0 troll leather armour
rPois   .          Reflect  .   u - +1 helmet
rElec   .          Harm     .   y - +1 cloak
rCorr   .          Rampage  .   (gloves unavailable)
Will    .....                   m - +2 pair of boots
Stlth   +++.......              z - amulet of regeneration
HPRegen 1.82/turn               e - ring of wizardry
MPRegen 0.48/turn               n - ring of magical power

@: about to teleport, repel missiles, very slow
A: repulsion field 3, spiny 1, magic regeneration, demonic touch 3
a: Renounce Religion, Bend Time, Temporal Distortion, Slouch, Step From Time


You were on level 1 of the Lair of Beasts.
You worshipped Cheibriados.
Cheibriados was extremely pleased with you.
You visited 3 branches of the dungeon, and saw 11 of its levels.

You collected 1314 gold pieces.

Inventory:

Hand Weapons
 l - a +7 great sword (weapon)
Missiles
 j - 118 sling bullets
 t - a curare-tipped dart
 B - 3 throwing nets
Armour
 d - a +0 troll leather armour (worn)
 m - a +2 pair of boots (worn)
 u - a +1 helmet (worn)
 y - a +1 cloak (worn)
Jewellery
 e - a ring of wizardry (left hand)
 k - a ring of protection from fire
 n - a ring of magical power (right hand)
 z - an amulet of regeneration (around neck)
 A - a ring of flight
 E - a ring of see invisible
 F - a ring of ice
Wands
 c - a wand of paralysis (7)
 r - a wand of polymorph (3)
Scrolls
 s - a scroll of enchant armour
 w - a scroll of amnesia
Potions
 b - 2 potions of magic
 f - a potion of lignification {unknown}
 g - 2 potions of attraction
 h - a potion of cancellation {unknown}
 i - 2 potions of ambrosia {unknown}
 o - a potion of resistance
 q - 2 potions of might
 v - 2 potions of curing
 x - 2 potions of mutation {unknown}
 C - 2 potions of brilliance
 D - a potion of invisibility {unknown}


   Skills:
 + Level 2.0 Fighting
 + Level 0.5(1.6) Short Blades
 + Level 2.5(2.6) Long Blades
 + Level 2.1 Armour
 + Level 3.1 Dodging
 + Level 2.8 Stealth
 + Level 10.4 Spellcasting
 + Level 3.2 Conjurations
 + Level 0.1 Translocations
 + Level 9.8 Fire Magic
 + Level 4.2 Air Magic


You had 2 spell levels left.
You knew the following spells:

 Your Spells              Type           Power      Damage    Failure   Level
a - Foxfire               Conj/Fire      100%       2x1d9     1%          1
b - Scorch                Fire           100%       2d10      1%          2
c - Conjure Flame         Conj/Fire      54%        6-21      1%          3
d - Flame Wave            Conj/Fire      54%        2d11      1%          4
e - Airstrike             Air            21%        N/A       2%          4
f - Summon Hydra          Summ           8%         N/A       100%        7
g - Iskenderun's Mystic   Conj/Tloc      26%        2d7       8%          4
h - Summon Guardian Gole  Hex/Summ       16%        N/A       4%          3

Your spell library contained the following spells:

 Spells                   Type           Power      Damage    Failure   Level
 Shock                    Conj/Air       100%       1d9       1%          1
 Sting                    Tmut/Pois      64%        1d6       1%          1
 Poisonous Vapours        Pois/Air       58%        N/A       1%          2
 Sublimation of Blood     Necr           16%        N/A       2%          2
 Wereblood                Tmut           16%        N/A       2%          2
 Inner Flame              Hex/Fire       46%        N/A       1%          3
 Swiftness                Air            42%        N/A       1%          3
 Dazzling Flash           Conj/Hex       52%        N/A       2%          3
 Confusing Touch          Hex            16%        N/A       4%          3
 Olgreb's Toxic Radiance  Pois           16%        N/A       14%         4
 Starburst                Conj/Fire      27%        6d9       16%         6
 Yara's Violent Unravell  Hex/Tmut       8%         3d5       36%         5
 Orb of Destruction       Conj           18%        9d8       95%         7
 Spellforged Servitor     Conj/Summ      13%        N/A       99%         7
 Enfeeble                 Hex            8%         N/A       100%        7


Dungeon Overview and Level Annotations

Branches:
Dungeon (9/15)             Temple (1/1) D:5            Lair (1/6) D:9
    Orc: D:9-12

Altars:
Ashenzari
Cheibriados
Elyvilon
Fedhas
Gozag
Hepliaklqana
Kikubaaqudgha
Makhleb
Qazlal
Ru
Sif Muna
Trog
Uskayaw
Vehumet
Wu Jian
Xom
Yredelemnul
Zin
The Shining One

Annotations:
D:5 3 runed translucent doors, turdburglar's ghost, novice DsFi


Innate Abilities, Weirdness & Mutations

You are surrounded by a strong repulsion field. (EV +4, RMsl)
You are partially covered in sharp spines.
You regenerate magic rapidly.
Your touch may irresistibly damage your foes and sap their willpower.


Message History

The komodo dragon is struck by your spines.
The komodo dragon bites you!
Flames lash the komodo dragon.
The komodo dragon is lightly wounded.
The komodo dragon's fire resistance burns away.
An electric eel comes into view.
The komodo dragon is struck by your spines.
The komodo dragon bites you but does no damage.
Flames lash the komodo dragon.
The komodo dragon is burned terribly!
The komodo dragon is severely wounded.
The komodo dragon bites you!! x2
* * * LOW HITPOINT WARNING * * *
You are too injured to fight recklessly!
You are too injured to fight recklessly!
You are too injured to fight recklessly!
You are too injured to fight recklessly!
Unknown command.
Okay, then.
You feel much better.
The komodo dragon is struck by your spines.
The komodo dragon bites you. The komodo dragon closely misses you.
Okay, then.
You feel much better.
The komodo dragon is no longer more vulnerable to fire.
The komodo dragon is struck by your spines.
The komodo dragon bites you!!
The komodo dragon is struck by your spines.
The komodo dragon bites you!
* * * LOW HITPOINT WARNING * * *
You feel much better.
The komodo dragon hisses menacingly.
The komodo dragon is struck by your spines.
The komodo dragon bites you. The komodo dragon bites you!!
* * * LOW HITPOINT WARNING * * *
Okay, then.
As you read the scroll of teleportation, it crumbles to dust.
You feel strangely unstable. The komodo dragon bites you.
* * * LOW HITPOINT WARNING * * *
The komodo dragon bites you!!
You die...

##.....# .#...
.......##....
.......P#..# ..
#.........#...
#..#.....l
#.........
#†........
#l........
##########@##..#...
...
#.........l.....#.#
...
#...............# #
....
#...≈≈≈≈≈≈S≈≈≈..#
.....
#...≈♣♣♣♣♣♣♣♣≈....
#....##..<≈♣ ≈....
#.....#.#.≈♣ ..##
........#.≈♣ ..#
#.......#.≈♣ .#


You could see 2 komodo dragons and an electric eel.

Vanquished Creatures
  A cane toad (Lair:1)
  A komodo dragon (D:9)
  2 trolls
  Grinder (D:3)
  2 shadows
  11 yaks
  2 wyverns
  A steam dragon (D:8)
  2 water moccasins
  An ice beast (D:7)
  2 orc warriors
  6 black bears
  A sky beast (D:7)
  A necrophage (D:6)
  2 ogres
  2 centaurs
  A phantom (D:5)
  3 kobold brigands
  4 bullfrogs
  A gnoll sergeant (D:8)
  4 scorpions
  2 water moccasin skeletons
  15 killer bees
  23 wights
  An electric eel (Lair:1)
  A centaur zombie (D:9)
  2 bullfrog zombies
  A jelly (D:6)
  Crazy Yiuf (D:6)
  3 orc priests
  A hound (D:6)
  3 centaur skeletons
  2 bullfrog skeletons
  Ijyb (D:4)
  3 iguanas
  6 orc wizards
  A howler monkey zombie (D:7)
  5 gnolls (D:8)
  3 howler monkey skeletons
  4 adders
  A shadow imp (D:6)
  A white imp (D:6)
  An ufetubus (D:7)
  A dart slug (D:3)
  22 orcs
  7 endoplasms
  2 giant cockroaches
  6 goblins
  7 hobgoblins
  6 jackals
  3 quokkas
  6 ball pythons
  9 bats
  5 frilled lizards
  19 kobolds
  6 rats
231 creatures vanquished.

Vanquished Creatures (others)
  313 foxfires
  59 fungi
  54 plants
426 creatures vanquished.

Grand Total: 657 creatures vanquished

Notes
Turn   | Place    | Note
-------+----------+-------------------------------------------
     0 | D:1      | DemonSlayer the Demonspawn Fire Elementalist began the
                  | quest for the Orb.
     0 | D:1      | Reached XP level 1. HP: 13/13 MP: 3/3
   474 | D:1      | Gained mutation: You regenerate magic rapidly. [demonic
                  | ancestry]
   474 | D:1      | Reached XP level 2. HP: 19/19 MP: 1/5
   477 | D:1      | Learned a level 2 spell: Scorch
  1598 | D:2      | Found a faded altar of an unknown god.
  1669 | D:2      | Gained mutation: You are surrounded by a mild repulsion
                  | field. (EV +2) [demonic ancestry]
  1669 | D:2      | Reached XP level 3. HP: 24/24 MP: 4/6
  2181 | D:2      | Gained mutation: You are surrounded by a moderate repulsion
                  | field. (EV +3) [demonic ancestry]
  2181 | D:2      | Reached XP level 4. HP: 30/30 MP: 3/8
  2430 | D:2      | Learned a level 3 spell: Conjure Flame
  2550 | D:3      | You fall into a shaft and drop 3 floors!
  2561 | D:6      | Reached skill level 3 in Spellcasting
  2768 | D:6      | Gained mutation: Your touch may inflict minor irresistible
                  | damage on your foes. [demonic ancestry]
  2768 | D:6      | Reached XP level 5. HP: 35/35 MP: 9/9
  2814 | D:6      | Noticed a shadow
  2816 | D:5      | Entered Level 5 of the Dungeon
  2963 | D:5      | Reached skill level 4 in Spellcasting
  2963 | D:5      | Gained mutation: Your touch may inflict irresistible damage
                  | on your foes. [demonic ancestry]
  2963 | D:5      | Reached XP level 6. HP: 32/41 MP: 10/12
  3314 | D:5      | Found a sacrificial altar of Ru.
  3548 | D:5      | Found a runed translucent gate.
  3549 | D:5      | Found a runed translucent gate.
  3549 | D:5      | Found a runed translucent gate.
  3550 | D:5      | Noticed turdburglar's ghost (novice DsFi)
  3569 | D:5      | Reached skill level 5 in Spellcasting
  3569 | D:5      | Reached XP level 7. HP: 46/46 MP: 14/14
  3733 | D:5      | Found a staircase to the Ecumenical Temple.
  3749 | Temple   | Entered the Ecumenical Temple
  4074 | Temple   | Became a worshipper of Cheibriados the Contemplative
  4227 | D:3      | Noticed Grinder
  4234 | D:3      | Killed Grinder
  4235 | D:3      | Reached skill level 5 in Fire Magic
  4818 | D:3      | Found an ancient bone altar of Kikubaaqudgha.
  4931 | D:3      | Learned a level 4 spell: Flame Wave
  4936 | D:3      | Learned a level 4 spell: Airstrike
  5421 | D:4      | Reached skill level 6 in Spellcasting
  5447 | D:4      | Noticed Ijyb
  5451 | D:4      | Killed Ijyb
  5582 | D:4      | Gained mutation: You are surrounded by a strong repulsion
                  | field. (EV +4, RMsl) [demonic ancestry]
  5582 | D:4      | Reached XP level 8. HP: 52/52 MP: 17/17
  5650 | D:4      | Reached * piety under Cheibriados
  6174 | D:4      | Found a sparkling altar of Nemelex Xobeh.
  6176 | D:4      | Found a shimmering altar of Xom.
  6176 | D:4      | Found a shimmering blue altar of Sif Muna.
  6178 | D:4      | Found an opulent altar of Gozag.
  6178 | D:4      | Found a shimmering altar of Xom.
  6742 | D:6      | Reached skill level 7 in Spellcasting
  6835 | D:6      | Found a blossoming altar of Fedhas.
  7282 | D:6      | Found a runed translucent door.
  7283 | D:6      | Noticed Crazy Yiuf
  7290 | D:6      | Killed Crazy Yiuf
  7290 | D:6      | Reached ** piety under Cheibriados
  7291 | D:6      | Reached XP level 9. HP: 53/58 MP: 18/20
  7324 | D:6      | Learned a level 7 spell: Summon Hydra
  7347 | D:7      | Identified a scroll of acquirement
  7347 | D:7      | Acquired 909 gold pieces
  7365 | D:7      | Noticed a troll
  7373 | D:7      | Killed a troll
  7567 | D:7      | Found a stormy altar of Qazlal.
  7687 | D:7      | Found a bloodstained altar of Trog.
  7696 | D:7      | Reached skill level 1 in Fighting
  7696 | D:7      | Reached skill level 8 in Spellcasting
  7905 | D:7      | Noticed a +0 dagger
  7906 | D:7      | Noticed a +0 dagger
  8031 | D:7      | Found a hide-covered altar of Uskayaw.
  8660 | D:7      | Learned a level 4 spell: Iskenderun's Mystic Blast
  8685 | D:8      | Reached *** piety under Cheibriados
  8686 | D:8      | Reached skill level 1 in Long Blades
  8686 | D:8      | Reached skill level 1 in Armour
  8700 | D:8      | Reached skill level 9 in Spellcasting
  8715 | D:8      | Gained mutation: Your touch may irresistibly damage your
                  | foes and sap their willpower. [demonic ancestry]
  8715 | D:8      | Reached XP level 10. HP: 50/65 MP: 2/23
  9191 | D:8      | Reached **** piety under Cheibriados
  9910 | D:9      | Reached skill level 1 in Air Magic
 10457 | D:9      | Reached ***** piety under Cheibriados
 10512 | D:9      | Found a staircase to the Lair.
 10765 | D:9      | Reached skill level 10 in Spellcasting
 10985 | D:9      | Learned a level 3 spell: Summon Guardian Golem
 11022 | Lair:1   | Entered Level 1 of the Lair of Beasts
 11062 | Lair:1   | Noticed a cane toad
 11071 | Lair:1   | Killed a cane toad
 11072 | Lair:1   | Gained mutation: You are partially covered in sharp spines.
                  | [demonic ancestry]
 11072 | Lair:1   | Reached XP level 11. HP: 72/72 MP: 25/25
 11085 | Lair:1   | Slain by a komodo dragon

Illustrated notes

Levels and vault maps discovered:
D:1:      scummos_arrival_forest, layout_basic, minmay_misc_feat_room,
          minmay_pentomino_w2
D:2:      layout_rooms, nicolae_ecumenical_pavilion
D:3:      layout_loops_corners, general_overflow_altar, uniq_grinder
D:4:      nicolae_cairo_tiling_large, layout_basic, doesnt_xom_only_xom,
          serial_aquarium, aquarium_bridge_square [aquarium_subvault_balcony,
          aquarium_subvault_balcony, aquarium_subvault_wall,
          aquarium_subvault_bridge], aquarium_bridge_long_joined
          [aquarium_subvault_window, aquarium_subvault_bridge,
          aquarium_subvault_balcony, aquarium_subvault_wall,
          aquarium_subvault_bridge, aquarium_subvault_wall], aquarium_window_1,
          aquarium_window_1, aquarium_window_1, aquarium_view_2d,
          aquarium_balcony_3a, aquarium_pool_2, uniq_ijyb
D:5:      layout_loops_corners, elyvilon_altar_5,
          nicolae_overflow_hidden_temple, minmay_temple_entry_statues_fountains,
          ebering_ghost_rock_garden
D:6:      layout_basic, fedhas_ov_isle_minmay, uniq_crazy_yiuf_cottage
D:7:      layout_layer_cave, lemuel_tele_altar, kennysheep_mini_moat,
          dancing_weapons_uskayaw
D:8:      layout_loops_ring
D:9:      layout_basic, due_lair_maze_entry_diamond
Temple:   minmay_temple_forest_path
Lair:1:   layout_gridlike, gammafunk_ghost_necromancy

Skill      XL: |  1  2  3  4  5  6  7  8  9 10 11 |
---------------+----------------------------------+-----
Fire Magic     | 3 4 5 7 8 9 |  9.8
Dodging        | 2 3 |  3.1
Spellcasting   | 3 4 5 6 7 9 10 | 10.4
Conjurations   | 2 3 |  3.2
Stealth        | 2 |  2.8
Fighting       | 1 2 |  2.0
Long Blades    | 1 2 |  2.5
Armour         | 1 2 |  2.1
Air Magic      | 4 |  4.2
Short Blades   | |  0.5
Translocations | |  0.1

Action                   |  1- 3 |  4- 6 |  7- 9 | 10-12 || total
-------------------------+-------+-------+-------+-------++-------
Melee: Unarmed           |     8 |       |       |       ||     8
       Short sword       |    21 |     2 |       |       ||    23
       Spear             |     9 |       |       |       ||     9
       Long sword        |       |       |    18 |       ||    18
       Touch             |       |       |     3 |       ||     3
       Great sword       |       |       |    19 |    54 ||    73
       Punch             |       |       |     1 |       ||     1
 Cast: Foxfire           |   113 |    74 |     7 |       ||   194
       Scorch            |       |    27 |   183 |    68 ||   278
       Airstrike         |       |       |       |    71 ||    71
       Iskenderun's Myst |       |       |       |    10 ||    10
       Flame Wave        |       |       |       |     2 ||     2
  Use: Scroll            |       |       |    20 |     5 ||    25
       Potion            |       |       |     2 |     3 ||     5
 Stab: Sleeping          |     2 |     1 |       |       ||     3
Armor: Robe              |    15 |     2 |    31 |       ||    48
       Troll leather arm |       |       |    31 |    70 ||   101
Dodge: Dodged            |    38 |    16 |   158 |   178 ||   390
       Repelled          |       |       |       |     1 ||     1
